TOP OF THE 1ST |
Washington State Cougars batting - Pitching for Boston College Eagles : RHP Dave White
|
Pitching: RHP Dave White
|
|
Batting: LHB Sergio Molina
|
0-0: Foul Ball, location: 2F 0-1: Called Strike 0-2: Ball 1-2: Foul Ball, location: 2F 1-2: Ball 2-2: Strikes out swinging
|
Batting: RHB Riley Lewis
|
0-0: Fly out, F9 (Flyball, 9LS)
|
Batting: RHB Jesse Pérez
|
0-0: Swinging Strike 0-1: Foul Ball, location: 2F 0-2: Ball 1-2: Foul Ball, location: 2F 1-2: Foul Ball, location: 2F 1-2: Strikes out looking
|
Top of the 1st over - 0 runs, 0 hits, 0 errors, 0 left on base; Washington State 0 - Boston College 0 |
BOTTOM OF THE 1ST |
Boston College Eagles batting - Pitching for Washington State Cougars : RHP Ron Durkin
|
Pitching: RHP Ron Durkin
|
|
Batting: RHB Johnny Robertson
|
0-0: Ball 1-0: Ball 2-0: Foul Ball, location: 2F 2-1: Called Strike 2-2: Strikes out swinging
|
Batting: LHB Porter Butler
|
0-0: Ball 1-0: Called Strike 1-1: Foul Ball, location: 2F 1-2: Foul Ball, location: 2F 1-2: Foul Ball, location: 2F 1-2: Ball 2-2: Ball 3-2: Base on Balls
|
Batting: SHB Marvin MacGeoch
|
0-0: Ball 1-0: Foul Ball, location: 2F 1-1: Foul Ball, location: 2F 1-2: Ball 2-2: Strikes out swinging
|
Batting: RHB Steve Neal
|
0-0: 2-RUN HOME RUN (Flyball, 78XD), Distance : 372 ft
|
Batting: SHB Walt Gómez
|
0-0: Ball 1-0: Ball 2-0: Fly out, F7 (Flyball, 78M)
|
Bottom of the 1st over - 2 runs, 1 hit, 0 errors, 0 left on base; Washington State 0 - Boston College 2 |
TOP OF THE 2ND |
Washington State Cougars batting - Pitching for Boston College Eagles : RHP Dave White
|
Batting: LHB Bob Hayes
|
0-0: Ball 1-0: Foul Ball, location: 2F 1-1: Ball 2-1: Foul Ball, location: 2F 2-2: Foul Ball, location: 2F 2-2: Foul Ball, location: 2F 2-2: Ball 3-2: Base on Balls
|
Batting: RHB Joe Lowe
|
0-0: Ball 1-0: Ball 2-0: Ball 3-0: Base on Balls Bob Hayes to second
|
Batting: RHB Ernest Richter
|
0-0: Ball 1-0: Ball 2-0: Called Strike 2-1: Called Strike 2-2: Foul Ball, location: 2F 2-2: Foul Ball, location: 2F 2-2: Ball 3-2: Strikes out swinging
|
Batting: RHB Alfonso Sánchez
|
0-0: Ball 1-0: SINGLE (Flyball, 78S) Bob Hayes to third Joe Lowe to second Runner from 3rd tries for Home, SAFE, no throw
|
Batting: LHB Andrew Guerrero
|
0-0: Called Strike 0-1: Foul Ball, location: 2F 0-2: Strikes out looking
|
Batting: LHB Denis Crowley
|
0-0: Called Strike 0-1: Fly out, F7 (Flyball, 7S)
|
Top of the 2nd over - 1 run, 1 hit, 0 errors, 2 left on base; Washington State 1 - Boston College 2 |
BOTTOM OF THE 2ND |
Boston College Eagles batting - Pitching for Washington State Cougars : RHP Ron Durkin
|
Batting: RHB Fernando Rosales
|
0-0: Fly out, F4 (Line Drive, 4M)
|
Batting: SHB Héctor Arteago
|
0-0: Ball 1-0: Ground out U3 (Groundball, 3L)
|
Batting: RHB Shawn Hanner
|
0-0: Fly out, F7 (Flyball, 7S)
|
Bottom of the 2nd over - 0 runs, 0 hits, 0 errors, 0 left on base; Washington State 1 - Boston College 2 |
TOP OF THE 3RD |
Washington State Cougars batting - Pitching for Boston College Eagles : RHP Dave White
|
Batting: LHB Sergio Molina
|
0-0: Bunt missed! 0-1: Ball 1-1: Fly out, F7 (Flyball, 7D)
|
Batting: RHB Riley Lewis
|
0-0: Ball 1-0: Ball 2-0: Fly out, F7 (Flyball, 7S)
|
Batting: RHB Jesse Pérez
|
0-0: SINGLE (Line Drive, 8RS)
|
Batting: LHB Bob Hayes
|
0-0: Ball 1-0: Foul Ball, location: 2F 1-1: Fly out, F7 (Flyball, 7)
|
Top of the 3rd over - 0 runs, 1 hit, 0 errors, 1 left on base; Washington State 1 - Boston College 2 |
BOTTOM OF THE 3RD |
Boston College Eagles batting - Pitching for Washington State Cougars : RHP Ron Durkin
|
Batting: RHB Chris West
|
0-0: Called Strike 0-1: Foul Ball, location: 2F 0-2: Ball 1-2: Ball 2-2: Foul Ball, location: 2F 2-2: Strikes out swinging
|
Batting: RHB Johnny Robertson
|
0-0: Fly out, F7 (Flyball, 7)
|
Batting: LHB Porter Butler
|
0-0: Called Strike 0-1: Foul Ball, location: 2F 0-2: Ball 1-2: Foul Ball, location: 2F 1-2: Ball 2-2: Foul Ball, location: 2F 2-2: Ground out 4-3 (Groundball, 4S)
|
Bottom of the 3rd over - 0 runs, 0 hits, 0 errors, 0 left on base; Washington State 1 - Boston College 2 |
TOP OF THE 4TH |
Washington State Cougars batting - Pitching for Boston College Eagles : RHP Dave White
|
Batting: RHB Joe Lowe
|
0-0: Called Strike 0-1: Foul Ball, location: 2F 0-2: Foul Ball, location: 2F 0-2: SINGLE (Line Drive, 4D)
|
Batting: RHB Ernest Richter
|
0-0: Ball 1-0: Called Strike 1-1: Foul Ball, location: 2F 1-2: Foul Ball, location: 2F 1-2: Strikes out swinging
|
Batting: RHB Alfonso Sánchez
|
0-0: Swinging Strike 0-1: Ball 1-1: Ball 2-1: Foul Ball, location: 2F 2-2: Strikes out swinging
|
Batting: LHB Andrew Guerrero
|
0-0: Foul Ball, location: 2F 0-1: Fly out, F6 (Flyball, 56D)
|
Top of the 4th over - 0 runs, 1 hit, 0 errors, 1 left on base; Washington State 1 - Boston College 2 |
BOTTOM OF THE 4TH |
Boston College Eagles batting - Pitching for Washington State Cougars : RHP Ron Durkin
|
Batting: SHB Marvin MacGeoch
|
0-0: SINGLE (Line Drive, 56D)
|
Batting: RHB Steve Neal
|
0-0: Foul Ball, location: 2F 0-1: Called Strike 0-2: Ball 1-2: SINGLE (Groundball, 4M) (infield hit) Marvin MacGeoch to second
|
Batting: SHB Walt Gómez
|
0-0: Swinging Strike 0-1: Called Strike 0-2: Strikes out looking
|
Batting: RHB Fernando Rosales
|
0-0: Called Strike 0-1: Swinging Strike 0-2: Ball 1-2: Ball 2-2: Strikes out swinging
|
Batting: SHB Héctor Arteago
|
0-0: Fly out, F7 (Line Drive, 7)
|
Bottom of the 4th over - 0 runs, 2 hits, 0 errors, 2 left on base; Washington State 1 - Boston College 2 |
TOP OF THE 5TH |
Washington State Cougars batting - Pitching for Boston College Eagles : RHP Dave White
|
Batting: LHB Denis Crowley
|
0-0: SOLO HOME RUN (Flyball, 9LD), Distance : 323 ft
|
Batting: LHB Sergio Molina
|
0-0: Foul Ball, location: 2F 0-1: SINGLE (Line Drive, 8RS)
|
Batting: RHB Riley Lewis
|
0-0: Called Strike 0-1: SINGLE (Flyball, 8LS) Sergio Molina to second
|
Batting: RHB Jesse Pérez
|
0-0: Fielders Choice at 2nd, 3-6 (Groundball, 3) Sergio Molina to third
|
Batting: LHB Bob Hayes
|
0-0: Ball 1-0: Swinging Strike 1-1: Fly out, F8 (Flyball, 78D) Runner from 3rd tags up, SCORES, no throw
|
Batting: RHB Joe Lowe
|
0-0: Foul Ball, location: 2F 0-1: Foul Ball, location: 2F 0-2: Strikes out looking
|
Top of the 5th over - 2 runs, 3 hits, 0 errors, 1 left on base; Washington State 3 - Boston College 2 |
BOTTOM OF THE 5TH |
Boston College Eagles batting - Pitching for Washington State Cougars : RHP Ron Durkin
|
Batting: RHB Shawn Hanner
|
0-0: Foul Ball, location: 2F 0-1: Foul Ball, location: 2F 0-2: Ball 1-2: Ball 2-2: Strikes out looking
|
Batting: RHB Chris West
|
0-0: Called Strike 0-1: Called Strike 0-2: Strikes out looking
|
Batting: RHB Johnny Robertson
|
0-0: Ball 1-0: DOUBLE (Line Drive, 7LS)
|
Batting: LHB Porter Butler
|
0-0: Ball 1-0: Ground out 6-3 (Groundball, 6)
|
Bottom of the 5th over - 0 runs, 1 hit, 0 errors, 1 left on base; Washington State 3 - Boston College 2 |
TOP OF THE 6TH |
Washington State Cougars batting - Pitching for Boston College Eagles : RHP Dave White
|
Batting: RHB Ernest Richter
|
0-0: Foul Ball, location: 2F 0-1: Ball 1-1: Called Strike 1-2: Strikes out swinging
|
Pitching: RHP John Connors
|
|
Batting: RHB Alfonso Sánchez
|
0-0: SINGLE (Flyball, 78M)
|
Batting: LHB Andrew Guerrero
|
0-0: Ball 1-0: Called Strike 1-1: Foul Ball, location: 2F 1-2: Ball 2-2: SINGLE (Line Drive, 4D) Alfonso Sánchez to second
|
Batting: LHB Denis Crowley
|
0-0: Ball 1-0: Ball 2-0: Called Strike 2-1: Ball 3-1: Base on Balls Alfonso Sánchez to third Andrew Guerrero to second
|
Batting: LHB Sergio Molina
|
0-0: Ball 1-0: Called Strike 1-1: Ball 2-1: Swinging Strike 2-2: Strikes out swinging
|
Batting: RHB Riley Lewis
|
0-0: Ball 1-0: Fly out, F6 (Line Drive, 6M)
|
Top of the 6th over - 0 runs, 2 hits, 0 errors, 3 left on base; Washington State 3 - Boston College 2 |
BOTTOM OF THE 6TH |
Boston College Eagles batting - Pitching for Washington State Cougars : RHP Ron Durkin
|
Batting: SHB Marvin MacGeoch
|
0-0: Ball 1-0: Called Strike 1-1: Ball 2-1: Ball 3-1: Ground out 4-3 (Groundball, 4)
|
Batting: RHB Steve Neal
|
0-0: Called Strike 0-1: Foul Ball, location: 2F 0-2: Foul Ball, location: 2F 0-2: Foul Ball, location: 2F 0-2: Ball 1-2: Ball 2-2: Ball 3-2: SINGLE (Line Drive, 89S)
|
Batting: SHB Walt Gómez
|
0-0: Ball 1-0: Ground out 5-3 (Groundball, 56S) Steve Neal to second
|
Pitching: RHP Justin Delorme
|
|
Batting: RHB Fernando Rosales
|
0-0: Ball 1-0: Ball 2-0: Foul Ball, location: 2F 2-1: Foul Ball, location: 2F 2-2: Hit by Pitch
|
Batting: SHB Héctor Arteago
|
0-0: Ball 1-0: Ground out 4-3 (Groundball, 4)
|
Bottom of the 6th over - 0 runs, 1 hit, 0 errors, 2 left on base; Washington State 3 - Boston College 2 |
TOP OF THE 7TH |
Washington State Cougars batting - Pitching for Boston College Eagles : RHP John Connors
|
Batting: RHB Jesse Pérez
|
0-0: Called Strike 0-1: Swinging Strike 0-2: Strikes out swinging
|
Pitching: LHP Ken Byrd
|
|
Batting: LHB Bob Hayes
|
0-0: Called Strike 0-1: Called Strike 0-2: Ball 1-2: Strikes out swinging
|
Pitching: RHP Bobby Moody
|
|
Batting: RHB Joe Lowe
|
0-0: Foul Ball, location: 2F 0-1: Ball 1-1: Called Strike 1-2: Ball 2-2: Foul Ball, location: 2F 2-2: SINGLE (Flyball, 89S)
|
Batting: RHB Ernest Richter
|
0-0: Ball 1-0: Ball 2-0: Swinging Strike 2-1: Swinging Strike 2-2: Strikes out swinging
|
Top of the 7th over - 0 runs, 1 hit, 0 errors, 1 left on base; Washington State 3 - Boston College 2 |
BOTTOM OF THE 7TH |
Boston College Eagles batting - Pitching for Washington State Cougars : RHP Justin Delorme
|
Batting: RHB Shawn Hanner
|
0-0: Called Strike 0-1: Called Strike 0-2: Foul Ball, location: 2F 0-2: Ball 1-2: Foul Ball, location: 2F 1-2: SOLO HOME RUN (Flyball, 7LD), Distance : 331 ft
|
Batting: RHB Chris West
|
0-0: Ball 1-0: Ball 2-0: Ball 3-0: Called Strike 3-1: Base on Balls
|
Batting: RHB Johnny Robertson
|
0-0: Called Strike Chris West steals 2nd base 0-1: Ball 1-1: DOUBLE (Line Drive, 89D) Chris West scores
|
Pitching: LHP Glenn O'Rourke
|
|
Batting: LHB Porter Butler
|
0-0: Called Strike 0-1: Ground out 5-3 (Groundball, 56)
|
Batting: SHB Marvin MacGeoch
|
0-0: Ball 1-0: Ball 2-0: SINGLE (Groundball, 6S) (infield hit) Johnny Robertson to third
|
Batting: RHB Steve Neal
|
0-0: Ball 1-0: Ball 2-0: Called Strike 2-1: Fly out, F4 (Popup, 4)
|
Batting: SHB Walt Gómez
|
0-0: Ball 1-0: Foul Ball, location: 2F 1-1: Ball 2-1: Ground out U3 (Groundball, 34S)
|
Bottom of the 7th over - 2 runs, 3 hits, 0 errors, 2 left on base; Washington State 3 - Boston College 4 |
TOP OF THE 8TH |
Washington State Cougars batting - Pitching for Boston College Eagles : RHP Bobby Moody
|
Batting: RHB Alfonso Sánchez
|
0-0: Foul Ball, location: 2F 0-1: Ball 1-1: Swinging Strike 1-2: Hit by Pitch
|
Pitching: LHP Mariano García
|
|
Pinch Hitting: SHB Jorge Castaneda
|
0-0: Called Strike 0-1: Called Strike 0-2: Foul Ball, location: 2F 0-2: Foul Ball, location: 2F 0-2: Ball 1-2: Fly out, F9 (Flyball, 9D)
|
Batting: LHB Denis Crowley
|
0-0: Ball 1-0: Called Strike 1-1: Swinging Strike 1-2: Strikes out looking
|
Batting: LHB Sergio Molina
|
0-0: Ball 1-0: Called Strike 1-1: Foul Ball, location: 2F 1-2: Foul Ball, location: 2F 1-2: Ball 2-2: Strikes out swinging
|
Top of the 8th over - 0 runs, 0 hits, 0 errors, 1 left on base; Washington State 3 - Boston College 4 |
BOTTOM OF THE 8TH |
Boston College Eagles batting - Pitching for Washington State Cougars : LHP Glenn O'Rourke
|
Now in CF: Jorge Castaneda
|
|
Batting: RHB Fernando Rosales
|
0-0: Called Strike 0-1: Ball 1-1: Reached on error, E5 (Groundball, 5)
|
Batting: SHB Héctor Arteago
|
0-0: Ball 1-0: Ball 2-0: Ground out 5-3 (Groundball, 5L)
|
Batting: RHB Shawn Hanner
|
0-0: Swinging Strike 0-1: Ball 1-1: Ball 2-1: Ground out 6-3 (Groundball, 56)
|
Batting: RHB Chris West
|
0-0: Called Strike 0-1: Ball 1-1: Ball 2-1: Foul Ball, location: 2F 2-2: Foul Ball, location: 2F 2-2: Foul Ball, location: 2F 2-2: Ball 3-2: Base on Balls
|
Batting: RHB Johnny Robertson
|
0-0: Called Strike 0-1: Ball 1-1: Swinging Strike 1-2: Foul Ball, location: 2F 1-2: Strikes out swinging
|
Bottom of the 8th over - 0 runs, 0 hits, 1 error, 2 left on base; Washington State 3 - Boston College 4 |
TOP OF THE 9TH |
Washington State Cougars batting - Pitching for Boston College Eagles : LHP Mariano García
|
Now at C: Doug Becker
|
|
Now in CF: John Clement
|
|
Batting: RHB Riley Lewis
|
0-0: Ball 1-0: Foul Ball, location: 2F 1-1: Fly out, F9 (Flyball, 89M)
|
Batting: RHB Jesse Pérez
|
0-0: Ball 1-0: Ball 2-0: Foul Ball, location: 2F 2-1: Ball 3-1: Base on Balls
|
Batting: LHB Bob Hayes
|
0-0: Ball 1-0: Called Strike 1-1: Ball 2-1: Ball 3-1: Swinging Strike 3-2: SINGLE (Groundball, 56) (infield hit) Jesse Pérez to second
|
Batting: RHB Joe Lowe
|
0-0: Swinging Strike 0-1: Called Strike 0-2: Ball 1-2: Strikes out swinging
|
Batting: RHB Ernest Richter
|
0-0: Swinging Strike 0-1: 3-RUN HOME RUN (Flyball, 7LD), Distance : 339 ft
|
Batting: RHB Alfonso Sánchez
|
0-0: Ball 1-0: Fly out, F9 (Line Drive, 89S)
|
Top of the 9th over - 3 runs, 2 hits, 0 errors, 0 left on base; Washington State 6 - Boston College 4 |
BOTTOM OF THE 9TH |
Boston College Eagles batting - Pitching for Washington State Cougars : LHP Glenn O'Rourke
|
Now at 2B: Julius Bell
|
|
Batting: LHB Porter Butler
|
0-0: Called Strike 0-1: Ball 1-1: Called Strike 1-2: Foul Ball, location: 2F 1-2: Fly out, F8 (Flyball, 8LD)
|
Batting: SHB Marvin MacGeoch
|
0-0: Called Strike 0-1: Ball 1-1: SINGLE (Line Drive, 4MD)
|
Batting: RHB Steve Neal
|
0-0: Called Strike 0-1: Ball 1-1: Ball 2-1: Foul Ball, location: 2F 2-2: Strikes out swinging
|
Pitching: RHP Juan Domínguez
|
|
Batting: SHB Walt Gómez
|
0-0: Ground out U3 (Groundball, 3)
|
Bottom of the 9th over - 0 runs, 1 hit, 0 errors, 1 left on base; Washington State 6 - Boston College 4 |
|